 Dungeon Crawl Stone Soup version 0.26-a0-466-g989023bd0d (webtiles) character file.

Game seed: 1511879506531785415

74433 Apogee the Warrior (level 15, -9/150 HPs)
             Began as a Hill Orc Monk on Aug 3, 2020.
             Was a High Priest of Ru.
             Killed from afar by an orc priest (47 damage)
             ... with an exploding inner flame
             ... hexed by the player character
             ... on level 2 of the Orcish Mines.
             The game lasted 00:36:10 (27206 turns).

Apogee the Warrior (Hill Orc Monk)                 Turns: 27206, Time: 00:36:11

Health: -9/150     AC: 24    Str: 27    XL:     15   Next: 46%
Magic:  15/15      EV: 11    Int: 10    God:    Ru [*****.]
Gold:   2256       SH:  5    Dex: 13    Spells: 14/14 levels left

rFire    . . .     SeeInvis .   v - +2 war axe (distort) {!w}
rCold    . . .     Faith    .   M - +0 buckler
rNeg     . . .     Spirit   .   V - +3 chain mail
rPois    .         Reflect  .   s - +2 hat
rElec    .         Harm     .   I - +0 cloak {rCorr}
rCorr    +                      n - +0 pair of gloves
MR       +....                  T - +0 pair of boots
Stlth    ..........             (no amulet)
HPRegen  0.35/turn              (no ring)
MPRegen  0.14/turn              y - +6 ring of strength

@: no potions, lightly drained
A: inability to drink while threatened, no stealth, inability to use devices,
hated by all, no air magic, no summoning magic, no transmutations magic
a: Draw Out Power, Power Leap, Apocalypse, Renounce Religion, Convert to Beogh


You were on level 2 of the Orcish Mines.
You worshipped Ru.
Ru was extremely pleased with you.
You visited 5 branches of the dungeon, and saw 25 of its levels.
You also visited: Ice Cave.

You collected 2256 gold pieces.

Inventory:

Hand Weapons
 a - a +0 hand axe
 v - a +2 war axe of distortion (weapon) {!w}
   (You took it off an orc on level 5 of the Dungeon)
 W - the +6 hand crossbow of the Orb {speed, +Fly MR+ Str-3, unknown}
   (You found it in an ice cave)

   Attacks with this weapon are significantly faster.
   It affects your strength (-3).
   It affects your resistance to hostile enchantments.
   It lets you fly.
Missiles
 F - 473 stones (quivered)
Armour
 h - a +0 chain mail
   (You found it on level 1 of the Dungeon)
 l - a +0 plate armour
   (You found it on level 4 of the Dungeon)
 n - a +0 pair of gloves (worn)
   (You found it on level 5 of the Dungeon)
 q - a +0 scale mail of poison resistance
   (You found it on level 5 of the Dungeon)
 s - a +2 hat (worn)
   (You found it on level 2 of the Dungeon)
 I - a +0 cloak of preservation (worn)
   (You found it on level 8 of the Dungeon)
 M - a +0 buckler (worn)
   (You found it on level 1 of the Lair of Beasts)
 T - a +0 pair of boots (worn)
   (You found it on level 5 of the Lair of Beasts)
 V - a +3 chain mail (worn)
   (You took it off an orc warrior on level 11 of the Dungeon)
Jewellery
 e - an uncursed amulet of magic regeneration
   (You found it on level 5 of the Dungeon)
 r - an uncursed ring of stealth
   (You found it on level 5 of the Dungeon)
 y - a +6 ring of strength (right hand)
   (You found it on level 4 of the Dungeon)
 z - an uncursed ring of see invisible
   (You found it on level 4 of the Dungeon)
 N - an uncursed ring of attention
   (You found it on level 3 of the Lair of Beasts)
 S - an uncursed ring of magical power {unknown}
   (You found it on level 15 of the Dungeon)
 X - an uncursed ring of protection from cold {unknown}
   (You found it in an ice cave)
 Y - an uncursed ring of ice {unknown}
   (You found it in an ice cave)
Scrolls
 b - 2 scrolls of noise {unknown}
 c - 10 scrolls of magic mapping
 f - 13 scrolls of teleportation {@r4}
 g - 7 scrolls of identify {@r1}
 j - 3 scrolls of fog
 k - 12 scrolls of remove curse {@r2}
 m - 3 scrolls of enchant weapon {unknown}
 o - 7 scrolls of amnesia
 p - 3 scrolls of immolation {!r}
 t - 5 scrolls of fear
 E - 3 scrolls of blinking
 H - a scroll of random uselessness
 Q - 5 scrolls of enchant armour {unknown}
 R - 2 scrolls of silence {unknown}
 U - a scroll of holy word {unknown}
Potions
 d - a potion of invisibility {unknown}
 i - 2 potions of cancellation
 u - a potion of stabbing {unknown}
 w - 9 potions of curing {@q1}
 x - 6 potions of mutation {!q}
 A - 2 potions of brilliance
 B - 4 potions of lignification {!q}
 C - 5 potions of heal wounds {@q2}
 D - 3 potions of resistance {unknown}
 G - 8 potions of ambrosia
 J - 2 potions of might {unknown}
 K - a potion of degeneration {unknown}
 L - 4 potions of flight
 O - a potion of haste {@q3}
 P - a potion of berserk rage


   Skills:
 + Level 18.6(18.1) Fighting
 - Level 16.0(15.6) Axes
 + Level 17.0(16.6) Armour
 + Level 3.9(3.6) Dodging
 - Level 5.0(4.6) Shields


You had 14 spell levels left.
You didn't know any spells.
Your spell library contained the following spells:

 Spells                   Type           Power        Failure   Level
 Apportation              Tloc           #.....       77%         1
 Corona                   Hex            #......      77%         1
 Freeze                   Ice            #...         77%         1
 Slow                     Hex            #.......     88%         2
 Confusing Touch          Hex            #.......     98%         3
 Frozen Ramparts          Ice            #.....       98%         3
 Gell's Gravitas          Tloc           #.........   98%         3
 Inner Flame              Hex/Fire       #.......     98%         3
 Ozocubu's Armour         Ice            #.......     98%         3
 Portal Projectile        Hex/Tloc       #.....       98%         3
 Cause Fear               Hex            #.........   100%        4
 Hailstorm                Conj/Ice       #.......     100%        4
 Leda's Liquefaction      Hex/Erth       #.........   100%        4
 Metabolic Englaciation   Hex/Ice        #.........   100%        5
 Ozocubu's Refrigeration  Ice            #.........   100%        6
 Animate Skeleton         Necr           Unusable     N/A         1
 Beastly Appendage        Tmut           Unusable     N/A         1
 Summon Small Mammal      Summ           Unusable     N/A         1
 Wereblood                Tmut           Unusable     N/A         2
 Spider Form              Tmut/Pois      Unusable     N/A         3
 Ice Form                 Ice/Tmut       Unusable     N/A         4
 Petrify                  Tmut/Erth      Unusable     N/A         4
 Summon Ice Beast         Ice/Summ       Unusable     N/A         4
 Blade Hands              Tmut           Unusable     N/A         5
 Yara's Violent Unravell  Hex/Tmut       Unusable     N/A         5
 Freezing Cloud           Conj/Ice/Air   Unusable     N/A         6
 Simulacrum               Ice/Necr       Unusable     N/A         6

Dungeon Overview and Level Annotations

Branches:
Dungeon (15/15)            Temple (0/1) D:4            Lair (6/6) D:10
  Swamp (0/4) Lair:2        Snake (1/4) Lair:2        Slime (0/5) Lair:6
    Orc (2/2) D:10            Elf (0/3) Orc:2        Vaults (0/5) D:13
 Depths (1/5) D:15          IceCv (visited)

Altars:
Cheibriados
Fedhas
Makhleb
Ru
Sif Muna
Trog
Uskayaw
Wu Jian
The Shining One
Beogh
Jiyva

Shops:
D:5 (   D:10 *!   D:13 (   D:15 *

Portals:
Hell: Lair:6

Annotations:
D:3 Grinder
D:8 2 transporters, vogonpoet's ghost, novice DEFE
D:13 3 runed translucent doors, Asimnicu's ghost, journeyman DrCj
Lair:5 3 runed translucent doors, Libboc's ghost, journeyman DEFE; Lunath's ghost, journeyman FeBe; Seod's ghost, journeyman FoAK
Lair:6 1 runed translucent door
Abyss:1 Snorg


Innate Abilities, Weirdness & Mutations

You cannot drink potions while threatened.
You cannot be stealthy.
You cannot study or use magical devices.
You are hated by all.
You cannot study or cast Air magic.
You cannot study or cast Summoning magic.
You cannot study or cast Transmutations magic.


Message History

The orc wizard blinks!
The orc priest threatens, "By the altar or by the axe, you will meet Beogh!"
You hear a shout!
Unknown command.
An orc, an orc priest and 2 orc wizards come into view.
The orc wizard shouts! x2; You hear a shout!
The orc warrior hits you with a +0 hand axe.
* * * LOW HITPOINT WARNING * * *
The orc wizard barely misses you.
The orc sorcerer hits you but does no damage.
You see here a +0 flail.
Unknown command.
Really read
p - 4 scrolls of immolation {!r}?
Okay, then.
There are monsters nearby!
Really read
p - 4 scrolls of immolation {!r}?
Really read the scroll of immolation?
As you read the scroll of immolation {!r}, it crumbles to dust.
The creatures around you are filled with an inner flame!
The orc wizard casts a spell.
The orc wizard blinks!
An orc priest comes into view. It is wielding a +0 club.
The orc warrior misses you.
You redirect the orc wizard's attack!
The orc wizard hits you but does no damage.
The orc sorcerer hits you but does no damage.
The orc wizard gestures wildly while chanting.
The orc wizard seems to speed up.
The orc priest shouts, "Surrender to Beogh and we'll let you live!"
The orc priest shouts!
You slash the orc priest!
The orc priest explodes!
The fiery explosion engulfs the orc!!
The orc explodes!
The fiery explosion engulfs the orc priest!!
The orc priest explodes!
The fiery explosion engulfs the orc wizard!!
The orc wizard explodes!
The fiery explosion engulfs you!
* * * LOW HITPOINT WARNING * * *
The fiery explosion engulfs the orc sorcerer!!
The orc sorcerer explodes!
The fiery explosion engulfs you!!
* * * LOW HITPOINT WARNING * * *
The fiery explosion engulfs the sun demon.
The sun demon completely resists.
Your base Armour skill increases to level 17!
The fiery explosion engulfs the orc warrior!!
Flame seeps out of the orc warrior.
The fiery explosion engulfs you!!!
You die...

...... ....... ...# o.
........ o..# ...
........# §.. .o..
........# ..#####§...
........## §§§..4....
.........# §§.o...
..........######§oo#####
..............§§@3......
..............§§§§......
.............)..§§#....#
.............[).......##
...........)).)...#...#
.............).......##
.......#...).....##.##
...#...##........# ##
..#...#.......>..####.#


You could see an orc high priest (inner flame), a sun demon (summoned, inner
flame), a red devil (summoned, inner flame), an orc warrior (inner flame), an
orc priest and 3 orc wizards.

Vanquished Creatures
  Kirke (D:12)
  A frost giant (IceCv)
  Erolcha (D:12)
  A centaur warrior (D:14)
  A hydra (D:15)
  3 death yaks (Lair:5)
  2 dancing weapons (D:13)
  A tengu warrior (D:14)
  2 two-headed ogres
  2 unseen horrors
  A wizard (Lair:6)
  An ugly thing (D:12)
  2 deep elf magi (D:15)
  A manticore (D:15)
  An orc sorcerer (Orc:2)
  6 cyclopes
  3 black mambas
  3 molten gargoyles (D:14)
  An ice statue (IceCv)
  An orange demon (Lair:6)
  9 cane toads
  A centaur skeleton (D:12)
  9 komodo dragons
  3 rime drakes (Lair:6)
  A redback zombie (D:13)
  An ice devil (Lair:6)
  9 polar bears (IceCv)
  4 trolls
  A jumping spider (shapeshifter) (D:15)
  A queen bee (Lair:4)
  A red devil (Lair:6)
  A troll (shapeshifter) (D:15)
  17 blink frogs
  3 meliai (Lair:4)
  6 slime creatures (D:15)
  A raiju (shapeshifter) (D:15)
  11 dream sheep (Lair:5)
  2 hippogriffs
  A shadow (D:15)
  2 basilisks
  A wyvern (D:12)
  35 yaks
  4 hogs (D:12)
  4 vampire mosquitoes (D:15)
  A naga (Lair:2)
  A soldier ant (D:10)
  10 water moccasins
  A floating eye (shapeshifter) (D:15)
  4 hell hounds (Lair:6)
  6 porcupines
  A sky beast (D:8)
  A black bear (D:7)
  A necrophage (D:6)
  10 orc warriors
  4 boggarts (D:15)
  3 phantoms
  7 ogres
  18 wolves
  9 crocodiles
  16 centaurs
  3 lemures (D:5)
  4 big kobolds
  A gnoll sergeant (D:7)
  20 bullfrogs
  4 scorpions
  18 killer bees (Lair:4)
  8 wights
  3 howler monkeys
  A jelly (D:8)
  2 quasits
  2 bullfrog zombies
  16 orc priests
  6 hounds
  25 orc wizards
  5 hell rats (Lair:5)
  7 iguanas
  9 worker ants
  A hound skeleton (D:6)
  Robin (D:1)
  A worker ant zombie (D:8)
  6 gnolls
  11 adders
  A shadow imp (D:10)
  2 white imps
  3 ufetubi
  An ooze (D:1)
  2 adder skeletons (D:6)
  6 worms
  2 dart slugs
  3 leopard geckos
  47 orcs
  4 ball pythons
  3 giant cockroaches
  10 goblins
  13 hobgoblins
  4 jackals (D:7)
  8 quokkas
  9 bats
  7 frilled lizards
  21 kobolds
  5 rats
  4 fungi
  2 plants (Lair:5)
567 creatures vanquished.

Vanquished Creatures (others)
  5 hydras
  An anaconda (Lair:6)
  2 two-headed ogres
  A death yak (Lair:5)
  An unseen horror (D:10)
  A wolf spider zombie (D:14)
  An orc sorcerer (Orc:2)
  A cyclops (Orc:1)
  A centaur zombie (D:15)
  A black mamba (Lair:5)
  An orange demon (Lair:6)
  4 cane toads
  A gargoyle (D:10)
  A molten gargoyle (D:14)
  2 komodo dragons (Lair:6)
  A hellwing (Lair:6)
  2 ice devils (Lair:6)
  4 polar bears (IceCv)
  A troll (shapeshifter) (D:15)
  2 blink frogs
  3 slime creatures (D:15)
  2 dream sheep (Lair:5)
  4 hippogriffs
  8 yaks
  A wraith (D:15)
  A hog (D:12)
  A wyvern (D:8)
  2 vampire mosquitoes (D:15)
  4 water moccasins
  A sky beast (D:10)
  A black bear (shapeshifter) (D:15)
  3 orc warriors
  A necrophage (D:13)
  An ogre (D:6)
  A boggart (D:15)
  4 wolves (IceCv)
  2 centaurs
  A bullfrog (D:7)
  2 killer bees (Lair:4)
  3 wights
  A hound (D:9)
  4 orc priests (Orc:2)
  A bullfrog skeleton (D:6)
  4 orc wizards
  2 worker ants
  2 hell rats (Lair:5)
  3 gnolls (D:7)
  A shadow imp (D:7)
  An orc (Orc:2)
  3 kobolds
  9 fungi
  A plant (Lair:5)
112 creatures vanquished.

Grand Total: 679 creatures vanquished

Notes
Turn   | Place    | Note
-------+----------+-------------------------------------------
     0 | D:1      | Apogee the Hill Orc Monk began the quest for the Orb.
     0 | D:1      | Reached XP level 1. HP: 19/19 MP: 1/1
   386 | D:1      | Reached XP level 2. HP: 27/27 MP: 2/2
   548 | D:1      | Reached skill level 1 in Armour
   902 | D:2      | Noticed Robin
   909 | D:1      | Reached skill level 4 in Fighting
   941 | D:1      | Reached XP level 3. HP: 32/33 MP: 3/3
   971 | D:1      | Reached skill level 5 in Axes
   974 | D:1      | Killed Robin
  1502 | D:2      | Reached XP level 4. HP: 40/40 MP: 4/4
  2680 | D:3      | Noticed Grinder
  2780 | D:3      | Reached XP level 5. HP: 44/47 MP: 5/5
  2829 | D:3      | Found an ornate altar of the Wu Jian Council.
  3365 | D:3      | Paralysed by Grinder for 3 turns
  3958 | D:4      | Found a sacrificial altar of Ru.
  4017 | D:4      | Reached skill level 5 in Fighting
  4017 | D:4      | Reached XP level 6. HP: 44/56 MP: 6/6
  4064 | D:4      | Became a worshipper of Ru the Awakened
  4210 | D:4      | Gained mutation: You cannot drink potions while threatened.
                  | [Ru sacrifice]
  4210 | D:4      | Reached * piety under Ru
  4220 | D:4      | Found a staircase to the Ecumenical Temple.
  4355 | D:4      | Found a glowing golden altar of the Shining One.
  4365 | D:4      | Noticed a phantom
  4398 | D:4      | Killed a phantom
  4600 | D:5      | Entered Level 5 of the Dungeon
  4995 | D:5      | You fall into a shaft and drop 1 floor!
  5096 | D:5      | Found Tous's Antique Weapon Emporium.
  5107 | D:5      | Reached XP level 7. HP: 38/61 MP: 7/7
  5641 | D:5      | Found a snail-covered altar of Cheibriados.
  5743 | D:5      | Found a snail-covered altar of Cheibriados.
  6290 | D:5      | Reached skill level 6 in Fighting
  6500 | D:6      | Reached XP level 8. HP: 68/71 MP: 8/8
  6814 | D:6      | Found a shimmering blue altar of Sif Muna.
  6876 | D:6      | Found a blossoming altar of Fedhas.
  6915 | D:6      | Reached skill level 5 in Armour
  6986 | D:6      | Reached skill level 10 in Axes
  7049 | D:6      | Found a burning altar of Makhleb.
  7054 | D:6      | Reached skill level 7 in Fighting
  7249 | D:7      | Reached XP level 9. HP: 54/79 MP: 9/9
  7365 | D:7      | Gained mutation: You cannot study or cast Air magic. [Ru
                  | sacrifice]
  7365 | D:7      | Gained mutation: You cannot study or cast Transmutations
                  | magic. [Ru sacrifice]
  7365 | D:7      | Gained mutation: You cannot study or cast Summoning magic.
                  | [Ru sacrifice]
  7365 | D:7      | Reached ** piety under Ru
  7607 | D:7      | Reached skill level 8 in Fighting
  8729 | D:8      | Found a hide-covered altar of Uskayaw.
  8756 | D:8      | Reached skill level 9 in Fighting
  8757 | D:8      | Reached XP level 10. HP: 67/91 MP: 10/10
  9002 | D:8      | Found a transporter.
  9004 | D:8      | Found a transporter.
  9005 | D:8      | Noticed vogonpoet's ghost (novice DEFE)
  9037 | D:8      | Noticed a cyclops
  9053 | D:8      | Killed a cyclops
  9408 | D:8      | Gained mutation: You cannot study or use magical devices.
                  | [Ru sacrifice]
  9408 | D:8      | Reached *** piety under Ru
  9408 | D:8      | Reached **** piety under Ru
  9781 | D:9      | Noticed a two-headed ogre
  9787 | D:9      | Killed a two-headed ogre
 10132 | D:9      | Reached skill level 10 in Fighting
 10389 | D:10     | Entered Level 10 of the Dungeon
 10396 | D:10     | Noticed a gargoyle
 10404 | D:10     | Banished a gargoyle
 10525 | D:10     | Noticed an unseen horror
 10538 | D:10     | Killed an unseen horror
 10538 | D:10     | Reached XP level 11. HP: 89/101 MP: 11/11
 10590 | D:10     | Found Viuduyst's Distillery.
 10609 | D:10     | Reached skill level 15 in Axes
 10779 | D:10     | Found a staircase to the Orcish Mines.
 10807 | D:10     | Found a roughly hewn altar of Beogh.
 11078 | D:10     | Found a staircase to the Lair.
 11103 | D:10     | Noticed a two-headed ogre
 11106 | D:10     | Banished a two-headed ogre
 11118 | D:10     | Noticed an unseen horror
 11122 | D:10     | Banished an unseen horror
 11149 | D:10     | Found Inownief's Mayhem Merchandise.
 11262 | D:11     | Reached skill level 11 in Fighting
 11374 | D:11     | Noticed an unseen horror
 11381 | D:11     | Killed an unseen horror
 11435 | D:11     | Noticed a two-headed ogre
 11442 | D:11     | Killed a two-headed ogre
 11688 | D:11     | Reached skill level 10 in Armour
 12113 | D:12     | Noticed a green ugly thing
 12127 | D:12     | Killed a green ugly thing
 12705 | D:12     | Reached skill level 12 in Fighting
 12711 | D:12     | Noticed Kirke
 12738 | D:12     | Noticed a manticore
 12740 | D:12     | Killed Kirke
 12740 | D:12     | Reached XP level 12. HP: 108/113 MP: 12/12
 12901 | D:12     | Noticed Erolcha
 12910 | D:12     | Killed Erolcha
 13151 | Lair:1   | Entered Level 1 of the Lair of Beasts
 13494 | Lair:1   | Reached skill level 13 in Fighting
 13741 | Lair:2   | Reached skill level 1 in Shields
 13841 | Lair:2   | Found a staircase to the Snake Pit.
 13853 | Lair:2   | Noticed a four-headed hydra
 13854 | Lair:2   | Banished a five-headed hydra
 14071 | Lair:2   | Found a staircase to the Swamp.
 14464 | Snake:1  | Entered Level 1 of the Snake Pit
 14464 | Snake:1  | Noticed a naga warrior
 15043 | Lair:3   | Reached skill level 14 in Fighting
 15043 | Lair:3   | Reached skill level 5 in Shields
 15043 | Lair:3   | Reached XP level 13. HP: 116/124 MP: 13/13
 15375 | Lair:4   | Noticed Snorg
 15403 | Lair:4   | Banished Snorg
 16898 | D:13     | Found Ytrod's Weapon Shop.
 16938 | D:13     | Found a gate to the Vaults.
 17063 | D:13     | Found a glowing golden altar of the Shining One.
 17112 | D:13     | Reached skill level 15 in Fighting
 17196 | D:13     | Found a runed translucent gate.
 17199 | D:13     | Noticed Asimnicu's ghost (journeyman DrCj)
 17200 | D:13     | Found a runed translucent gate.
 17200 | D:13     | Identified the cursed +1 short sword "Cytumoikoh" {venom,
                  | rC+ MR- Dex+4}
 17200 | D:13     | Identified the +10 whip "Puruas" {chaos, *Contam rN+ Int+3}
 17201 | D:13     | Found a runed translucent gate.
 18804 | D:14     | Found a bloodstained altar of Trog.
 19190 | D:15     | Entered Level 15 of the Dungeon
 19789 | D:15     | Reached skill level 16 in Fighting
 19803 | D:15     | Reached XP level 14. HP: 126/137 MP: 14/14
 19874 | D:15     | Found a staircase to the Depths.
 20735 | D:15     | Reached skill level 15 in Armour
 21033 | D:15     | Found Axeycluw's Demolitions Depot.
 21286 | D:15     | Gained mutation: You are hated by all. [Ru sacrifice]
 21476 | Depths:1 | Entered Level 1 of the Depths
 21831 | Lair:5   | Reached skill level 17 in Fighting
 22779 | Lair:5   | Found a runed translucent gate.
 22779 | Lair:5   | Found a runed translucent gate.
 22779 | Lair:5   | Found a runed translucent gate.
 22781 | Lair:5   | Noticed Seod's ghost (journeyman FoAK)
 22781 | Lair:5   | Noticed Lunath's ghost (journeyman FeBe)
 22782 | Lair:5   | Noticed Lunath's ghost (journeyman FeBe)
 22782 | Lair:5   | Noticed Seod's ghost (journeyman FoAK)
 22784 | Lair:5   | Noticed Libboc's ghost (journeyman DEFE)
 23065 | Lair:6   | Entered Level 6 of the Lair of Beasts
 23823 | Lair:6   | Gained mutation: You cannot be stealthy. [Ru sacrifice]
 23823 | Lair:6   | Reached ***** piety under Ru
 23971 | Lair:6   | Reached XP level 15. HP: 149/149 MP: 15/15
 24036 | Lair:6   | Reached skill level 18 in Fighting
 24190 | Lair:6   | Found a burning altar of Makhleb.
 24220 | Lair:6   | HP: 5/149 [poisoned by an orange demon]
 24221 | Lair:6   | HP: 2/149 [poisoned by an orange demon]
 24240 | Lair:6   | HP: 7/149 [poisoned by an orange demon]
 24246 | Lair:6   | HP: 5/149 [poisoned by an orange demon]
 24252 | Lair:6   | HP: 4/149 [poisoned by an orange demon]
 24260 | Lair:6   | HP: 5/149 [poisoned by an orange demon]
 24268 | Lair:6   | HP: 5/149 [poisoned by an orange demon]
 24844 | Lair:6   | Found a runed translucent door.
 24844 | Lair:6   | Found a viscous altar of Jiyva.
 24845 | Lair:6   | Noticed an acid blob
 24845 | Lair:6   | Noticed an acid blob
 24845 | Lair:6   | Noticed an acid blob
 24846 | Lair:6   | Found a staircase to the Slime Pits.
 24846 | Lair:6   | Noticed an acid blob
 25088 | Lair:6   | Found a gateway to Hell.
 25406 | Orc:1    | Entered Level 1 of the Orcish Mines
 25555 | Orc:2    | Entered Level 2 of the Orcish Mines
 25823 | Orc:2    | Paralysed by an orc sorcerer for 7 turns
 25835 | Orc:2    | Found a frozen archway.
 25838 | Orc:2    | Found a staircase to the Elven Halls.
 25844 | IceCv    | Entered an ice cave
 26303 | IceCv    | Got a faintly glowing hand crossbow
 26604 | IceCv    | Noticed a frost giant
 26627 | IceCv    | Killed a frost giant
 27206 | Orc:2    | Killed from afar by an orc priest

Illustrated notes

Levels and vault maps discovered:
D:1:      dpeg_arrival_arbitrary_c, layout_loops_cross, minivault_26
D:2:      layout_basic, uniq_robin
D:3:      layout_basic, overflow_temple_1_default, okawaru_ov_weapons_minmay,
          uniq_grinder
D:4:      layout_basic, nicolae_tso_carved_into_rock, lemuel_round_altar,
          minmay_temple_entry_junction
D:5:      layout_basic, kennysheep_mini_moat, serial_shops, shop,
          cheibrodos_worm_habitat, uniq_pikel
D:6:      layout_loops_ring, kennysheep_little_box, fedhas_altar_2,
          makhleb_blood_cavern_becter
D:7:      minmay_flawed_box, layout_layer_cave
D:8:      layout_gridville, basic_altar, gammafunk_ghost_mausoleum
D:9:      layout_irregular_city
D:10:     layout_roguey, lair_entry_dummy, minmay_orc_entry_temple_small,
          grunt_decor_fettered, minmay_shop_mayhem, kennysheep_small_square
D:11:     layout_stronghold, gauntlet_entry_generic
D:12:     layout_irregular_city, uniq_kirke, uniq_erolcha
D:13:     layout_small_grid, erik_vaults_1, basic_altar,
          gammafunk_ghost_nasty_kobolds, serial_shops, shop
D:14:     cheibrodos_statue_roulette, layout_basic, old_standard_altar
D:15:     gammafunk_enter_depths_forms, layout_irregular_city,
          chequers_serial_rivers_small_3, st_stairs_10, nicolae_blasting_shop
Lair:1:   layout_big_grid, cheibrodos_lair_caveside_slide, beast_lair_carwin_11
Lair:2:   layout_regular_city, swamp_mist_pool, guppyfry_snake_entry_garden
Lair:3:   layout_roguey
Lair:4:   layout_cave_pods, special_room [special_room_bee],
          serial_bayou_shore_a, uniq_snorg
Lair:5:   layout_concentric_octagons, gammafunk_ghost_cemetery,
          beast_lair_carwin_8
Lair:6:   evil_forest, layout_hall_layers, slime_altar_2
Snake:1:  layout_gridlike, nrook_guardian_serpent_ordinary, minmay_shop_grove,
          serial_bayou_shore_b, lemuel_fruit_tree, serial_bayou_shore_b
Orc:1:    layout_diamond_mine
Orc:2:    st_orc_mages, layout_caves, portal_ice_cave_entry_pillars_2
Depths:1: layout_roguey, pf_hell_entry_tar_river, rand_demon_pan_entry_7,
          hangedman_abyss_entry_splay, serial_bayou_ford_a,
          kennysheep_windowed_goal

Skill      XL: |  1  2  3  4  5  6  7  8  9 10 11 12 13 14 15 |
---------------+----------------------------------------------+-----
Armour         | 1 2 3 4 5 7 8 11 12 14 16 17 | 17.0
Fighting       | 4 5 6 7 9 10 12 14 16 17 18 | 18.6
Axes           | 5 6 7 9 10 12 14 16 | 16.0
Shields        | 5 |  5.0
Stealth        | 0 |  0.0
Dodging        | 3 |  3.9

Action                   |  1- 3 |  4- 6 |  7- 9 | 10-12 | 13-15 || total
-------------------------+-------+-------+-------+-------+-------++-------
Melee: Hand axe          |   111 |   312 |    89 |       |       ||   512
       War axe           |       |       |   184 |   406 |   858 ||  1448
Throw: Stone             |       |       |       |     3 |       ||     3
Invok: Sacrifice Drink   |       |     1 |       |       |       ||     1
       Sacrifice Arcana  |       |       |     1 |       |       ||     1
       Sacrifice Artific |       |       |       |     1 |       ||     1
       Reject Sacrifices |       |       |       |     1 |       ||     1
       Sacrifice Stealth |       |       |       |       |     1 ||     1
       Sacrifice Love    |       |       |       |       |     1 ||     1
       Draw Out Power    |       |       |       |       |     1 ||     1
Evoke: Wand              |       |       |     2 |     5 |       ||     7
  Use: Potion            |       |     6 |       |       |     3 ||     9
       Scroll            |       |     2 |       |    14 |     9 ||    25
 Stab: Sleeping          |     3 |       |       |       |       ||     3
       Invisible         |       |       |     1 |     1 |    10 ||    12
       Distracted        |       |       |       |     2 |     3 ||     5
       Paralysed         |       |       |       |       |     1 ||     1
Armor: Robe              |    16 |       |       |       |       ||    16
       Chain mail        |    46 |   135 |       |       |    76 ||   257
       Ring mail         |     1 |       |       |       |       ||     1
       Plate armour      |       |     8 |   178 |   157 |   339 ||   682
Dodge: Dodged            |    53 |    89 |   102 |   114 |   271 ||   629
Block: Buckler           |       |       |       |     7 |   135 ||   142

Table legend: (Time is in decaauts)
 A = Elapsed time spent in this place.
 B = Non-inter-level travel time spent in this place.
 C = Inter-level travel time spent in this place.
 D = Time resting spent in this place.
 E = Time spent auto-exploring this place.
 F = Levels seen in this place.
 G = Mean time per level.
                   A        B        C        D        E       F      G
               +--------+--------+--------+--------+--------+-----+--------+
         Total |  26881 |  25529 |   1352 |   5353 |  16369 |  26 | 1033.9 |
       Dungeon |  17946 |  17122 |    824 |   3352 |  11210 |  15 | 1196.4 |
          Lair |   7180 |   6653 |    527 |   1218 |   4580 |   6 | 1196.7 |
     Snake Pit |      9 |      9 |      0 |      0 |      0 |   1 |    9.0 |
  Orcish Mines |    455 |    455 |      0 |     87 |    244 |   2 |  227.5 |
        Depths |      1 |      1 |      0 |      0 |      0 |   1 |    1.0 |
      Ice Cave |   1287 |   1287 |      0 |    695 |    334 |   1 | 1287.0 |
               +--------+--------+--------+--------+--------+-----+--------+

Top non-repeatable levels by time:
  Lair:6: 2136 daAuts
    D:15: 2032 daAuts
    D:14: 1847 daAuts
     D:4: 1521 daAuts
     D:5: 1509 daAuts
     D:1: 1478 daAuts
  Lair:4: 1452 daAuts
     D:7: 1448 daAuts
  Lair:5: 1333 daAuts
   IceCv: 1287 daAuts
     D:2: 1253 daAuts
    D:12: 992 daAuts
    D:10: 975 daAuts
    D:11: 964 daAuts
     D:8: 871 daAuts
